12 | 0:01 | SCV | |
13 | 0:13 | SCV | |
14 | 0:19 | Supply Depot | |
14 | 0:25 | SCV | |
15 | 0:36 | Refinery | |
15 | 0:40 | SCV | |
16 | 0:45 | Barracks | |
16 | 0:52 | SCV | |
17 | 1:04 | SCV | |
18 | 1:16 | SCV | |
19 | 1:29 | SCV | |
20 | 1:35 | Marine | |
20 | 1:37 | Bunker | |
21 | 1:41 | SCV | |
22 | 1:53 | SCV | |
23 | 1:55 | Supply Depot | |
23 | 2:06 | Orbital Command | |
21 | 2:08 | Marine | |
22 | 2:26 | Marine | |
23 | 2:33 | SCV | |
23 | 2:34 | Command Center | |
24 | 2:44 | Refinery, Marine | |
24 | 2:45 | SCV | |
26 | 2:57 | SCV | |
27 | 3:09 | Factory, SCV | |
27 | 3:11 | Barracks Tech Lab | |
28 | 3:22 | SCV | |
28 | 3:23 | Engineering Bay | |
29 | 3:28 | Factory | |
29 | 3:35 | SCV | |
29 | 3:39 | Barracks Reactor | |
30 | 3:54 | SCV | |
31 | 3:58 | Bunker | |
31 | 4:00 | Missile Turret | |
31 | 4:01 | Missile Turret | |
31 | 4:06 | Orbital Command, SCV | |
31 | 4:09 | Missile Turret | |
32 | 4:14 | Cyclone | |
36 | 4:18 | SCV | |
37 | 4:26 | Widow Mine x2 | |
37 | 4:30 | SCV | |
42 | 4:32 | SCV | |
43 | 4:42 | SCV | |
44 | 4:47 | SCV | |
44 | 4:48 | Supply Depot x2 | |
45 | 4:53 | Mag-Field Accelerator | |
45 | 4:54 | Cyclone, SCV | |
45 | 4:59 | SCV | |
51 | 5:02 | Widow Mine | |
51 | 5:06 | SCV | |
54 | 5:09 | Widow Mine | |
54 | 5:11 | SCV | |
54 | 5:12 | Supply Depot | |
57 | 5:15 | Supply Depot | |
57 | 5:18 | SCV | |
58 | 5:23 | SCV | |
59 | 5:30 | Command Center | |
59 | 5:31 | SCV | |
59 | 5:32 | Missile Turret | |
60 | 5:35 | SCV | |
61 | 5:46 | SCV | |
61 | 5:47 | Refinery, Cyclone | |
61 | 5:48 | Refinery, Widow Mine, SCV | |
69 | 5:50 | Widow Mine | |
71 | 5:58 | SCV | |
71 | 6:00 | SCV | |
71 | 6:01 | Supply Depot | |
71 | 6:03 | Supply Depot | |
73 | 6:10 | SCV | |
74 | 6:12 | SCV | |
74 | 6:14 | Factory | |
74 | 6:17 | Factory | |
75 | 6:22 | Cyclone, Hellion | |
75 | 6:24 | Hellion | |
83 | 6:35 | SCV x2 | |
83 | 6:36 | Missile Turret | |
85 | 6:48 | SCV x2 | |
85 | 6:49 | Hellion | |
85 | 6:51 | Hellion | |
91 | 6:54 | Missile Turret, Cyclone | |
91 | 6:59 | Supply Depot | |
95 | 7:08 | Factory Tech Lab x2 | |
95 | 7:09 | SCV x2 | |
95 | 7:11 | Hellion | |
95 | 7:14 | Supply Depot | |
99 | 7:17 | Supply Depot, Factory | |
99 | 7:20 | Factory | |
99 | 7:21 | SCV | |
100 | 7:22 | Orbital Command | |
100 | 7:26 | Cyclone, Hellion | |
102 | 7:50 | Cyclone, SCV x2 | |
102 | 7:51 | Cyclone, Hellion | |
112 | 7:52 | Hellion, SCV | |
113 | 7:58 | Command Center | |
113 | 8:02 | SCV | |
113 | 8:03 | Refinery | |
114 | 8:06 | Factory Reactor | |
114 | 8:07 | Factory Tech Lab | |
114 | 8:08 | Refinery, Cyclone | |
114 | 8:09 | SCV x2 | |
114 | 8:11 | Armory | |
120 | 8:14 | SCV | |
120 | 8:17 | Supply Depot | |
120 | 8:18 | Supply Depot | |
121 | 8:21 | SCV | |
121 | 8:22 | SCV, Sensor Tower | |
121 | 8:26 | Missile Turret | |
121 | 8:34 | Cyclone x2, Widow Mine x2 | |
127 | 8:39 | SCV x3 | |
134 | 8:55 | Missile Turret | |
134 | 8:56 | Missile Turret | |
134 | 8:59 | Missile Turret | |
120 | 9:05 | Missile Turret | |
120 | 9:07 | Missile Turret | |
120 | 9:13 | Widow Mine x2, Cyclone x2 | |
120 | 9:14 | Cyclone x2 | |
120 | 9:16 | Terran Vehicle And Ship Armor Level 1 | |
134 | 9:31 | Widow Mine | |
134 | 9:32 | Widow Mine | |
134 | 9:34 | Drilling Claws | |
138 | 9:39 | Missile Turret | |
138 | 9:42 | Missile Turret x2 | |
138 | 9:45 | Cyclone | |
128 | 9:55 | Cyclone, Widow Mine x2 | |
128 | 9:56 | Cyclone x2 | |
142 | 10:02 | Widow Mine | |
144 | 10:07 | Planetary Fortress | |
144 | 10:17 | Cyclone | |
144 | 10:21 | Command Center | |
148 | 10:28 | Cyclone x2, Starport | |
156 | 10:30 | Starport | |
156 | 10:32 | Widow Mine x2, Starport | |
160 | 10:35 | Widow Mine x2 | |
160 | 10:38 | Refinery | |
160 | 10:40 | Refinery | |
164 | 10:44 | SCV x4 | |
168 | 10:53 | Widow Mine x2 | |
168 | 10:56 | Command Center | |
172 | 10:58 | Factory | |
172 | 11:02 | Supply Depot | |
172 | 11:32 | Viking x2, Widow Mine x4, SCV x2 | |
186 | 11:34 | Missile Turret | |
186 | 11:35 | Cyclone, Widow Mine x2, Viking | |
186 | 11:37 | Missile Turret | |
193 | 11:40 | Missile Turret | |
193 | 11:52 | SCV x2 | |
195 | 11:56 | Missile Turret | |
195 | 12:03 | Terran Ship Weapons Level 1 | |
195 | 12:05 | Armory, SCV x2 | |
197 | 12:15 | Widow Mine | |
197 | 12:17 | Starport Reactor x3, Missile Turret | |
197 | 12:18 | Missile Turret, Factory Reactor | |
197 | 12:19 | Missile Turret x2 | |
197 | 12:20 | Missile Turret | |
199 | 12:25 | Starport | |
199 | 12:26 | Starport | |
199 | 12:28 | Starport | |
199 | 12:39 | Missile Turret | |
199 | 12:41 | Missile Turret | |
199 | 12:46 | Orbital Command | |
199 | 12:48 | Planetary Fortress | |
199 | 12:52 | Refinery | |
199 | 12:54 | Refinery | |
199 | 13:07 | Starport Tech Lab x2 | |
199 | 13:08 | Starport Reactor | |
199 | 13:09 | Terran Vehicle And Ship Armor Level 2 | |
199 | 13:18 | Refinery, Missile Turret | |
199 | 13:19 | Refinery, Missile Turret | |
199 | 13:20 | Missile Turret | |
199 | 13:21 | Missile Turret | |
199 | 13:23 | Missile Turret x2 | |
181 | 13:39 | Widow Mine | |
181 | 13:40 | Cyclone x3, Widow Mine x4 | |
197 | 13:42 | Raven | |
199 | 13:51 | Widow Mine | |
199 | 14:08 | Widow Mine x3 | |
199 | 14:09 | Cyclone, Widow Mine x2 | |
199 | 14:18 | Terran Ship Weapons Level 2 | |
199 | 14:29 | Factory | |
199 | 14:30 | Factory | |
199 | 14:31 | Factory | |
199 | 14:32 | Factory | |
199 | 14:43 | Missile Turret | |
199 | 14:47 | Command Center x2, Missile Turret | |
199 | 14:48 | Missile Turret | |
199 | 14:51 | Missile Turret | |
195 | 15:07 | Missile Turret | |
195 | 15:08 | Missile Turret, Cyclone | |
195 | 15:11 | Missile Turret x2 | |
199 | 15:17 | Factory Tech Lab x2 | |
199 | 15:18 | Factory Reactor x2 | |
199 | 15:27 | Sensor Tower | |
199 | 15:28 | Refinery | |
199 | 15:32 | Refinery | |
169 | 15:43 | Cyclone x2, Widow Mine x6 | |
169 | 15:44 | Cyclone x3 | |
193 | 15:51 | Cyclone | |
193 | 15:54 | Terran Vehicle And Ship Armor Level 3 | |
197 | 16:01 | Orbital Command | |
197 | 16:03 | Planetary Fortress | |
189 | 16:11 | Widow Mine | |
189 | 16:12 | Widow Mine x4 | |
199 | 16:37 | Command Center | |
199 | 16:38 | Starport | |
199 | 16:39 | Starport | |
199 | 16:40 | Command Center, Starport x2 | |
199 | 16:41 | Starport | |
199 | 16:42 | Factory x2, Command Center, Starport | |
173 | 17:18 | Factory, Widow Mine x4 | |
173 | 17:19 | Cyclone x2 | |
179 | 17:29 | Hellion | |
187 | 17:30 | Hellion x11 | |
187 | 17:31 | Starport Tech Lab x2 | |
187 | 17:32 | Starport Tech Lab | |
187 | 17:33 | Starport Tech Lab | |
187 | 17:34 | Starport Reactor | |
187 | 17:35 | Starport Tech Lab | |
199 | 17:39 | Corvid Reactor | |
199 | 17:40 | Explosive Shrapnel Shells | |
199 | 17:44 | Terran Ship Weapons Level 3 | |
185 | 18:10 | Cyclone x2, Widow Mine x2 | |
185 | 18:11 | Factory Tech Lab, Factory Reactor | |
197 | 18:14 | Infernal Pre-Igniter | |
197 | 18:17 | Factory Tech Lab | |
197 | 18:19 | Cloaking Field | |
197 | 18:25 | Orbital Command x2 | |
197 | 18:26 | Orbital Command | |
197 | 18:31 | Terran Vehicle Weapons Level 1 | |
197 | 18:33 | Fusion Core | |
197 | 18:50 | Command Center x2 | |
197 | 18:55 | Engineering Bay | |
197 | 18:58 | Building Armor | |
169 | 19:28 | Cyclone x2, Widow Mine x6 | |
169 | 19:29 | Cyclone x4 | |
181 | 19:42 | Cyclone x2, Widow Mine x5 | |
181 | 19:44 | Raven x5 | |
199 | 19:45 | Raven | |
173 | 20:00 | Cyclone | |
173 | 20:02 | Widow Mine x3 | |
173 | 20:03 | Cyclone x3, Widow Mine x2 | |
199 | 20:10 | Planetary Fortress | |
199 | 20:12 | Orbital Command | |
189 | 20:34 | Missile Turret | |
189 | 20:35 | Cyclone, Missile Turret, Widow Mine x7 | |
183 | 20:36 | Cyclone, Missile Turret x2, Widow Mine x2 | |
183 | 20:37 | Missile Turret | |
183 | 20:38 | Missile Turret, Hi-Sec Auto Tracking | |
183 | 20:40 | Missile Turret x2 | |
183 | 20:41 | Missile Turret | |
199 | 20:47 | Hyperflight Rotors, Advanced Ballistics | |
199 | 20:54 | Terran Vehicle Weapons Level 2 | |
199 | 20:58 | Refinery | |
199 | 21:02 | Refinery | |
173 | 21:12 | Command Center | |
173 | 21:14 | Widow Mine x2 | |
173 | 21:15 | Cyclone x2, Command Center, Widow Mine x8 | |
173 | 21:16 | Widow Mine, Cyclone x4 | |
173 | 21:18 | Viking | |
183 | 21:34 | Cyclone, Widow Mine x2 | |
189 | 21:43 | Widow Mine x5 | |
189 | 21:44 | Widow Mine x2 | |
189 | 21:47 | Cyclone x2 | |
189 | 21:48 | Cyclone | |
189 | 21:51 | Cyclone, Widow Mine x4 | |
189 | 21:52 | Cyclone | |
191 | 22:20 | Widow Mine x2 | |
191 | 22:21 | Cyclone x3, Widow Mine | |
185 | 22:45 | Widow Mine | |
185 | 22:46 | Cyclone x3, Widow Mine | |
197 | 23:07 | Command Center | |
197 | 23:12 | Command Center | |
185 | 23:50 | Widow Mine x7 | |
199 | 24:11 | Missile Turret | |
199 | 24:12 | Missile Turret | |
199 | 24:13 | Orbital Command, Missile Turret | |
199 | 24:14 | Missile Turret | |
199 | 24:16 | Missile Turret | |
199 | 24:19 | Planetary Fortress | |
197 | 24:26 | Missile Turret x3 | |
197 | 24:27 | Missile Turret | |
197 | 24:32 | Missile Turret | |
197 | 24:33 | Missile Turret | |
197 | 24:34 | Terran Vehicle Weapons Level 3, Missile Turret | |
197 | 24:35 | Missile Turret | |
197 | 24:38 | Missile Turret | |
177 | 24:45 | Missile Turret | |
177 | 24:47 | Missile Turret x3 | |
139 | 24:55 | Cyclone x3, Refinery, Widow Mine x7 | |
139 | 24:56 | Cyclone x4, Widow Mine x5 | |
139 | 24:57 | Refinery, Cyclone | |
139 | 24:58 | Raven x2 | |
199 | 25:05 | Missile Turret | |
197 | 25:07 | Missile Turret | |
197 | 25:08 | Refinery | |
197 | 25:09 | Refinery | |
195 | 25:23 | Widow Mine x2 | |
147 | 27:14 | Missile Turret | |
147 | 27:16 | Widow Mine | |
147 | 27:17 | Missile Turret, Widow Mine x19 | |
147 | 27:18 | Missile Turret | |
147 | 27:19 | Missile Turret x2, Raven x3 | |
147 | 27:20 | Raven x4, Missile Turret x5 | |
147 | 27:21 | Missile Turret | |
188 | 27:30 | Missile Turret | |
188 | 27:31 | Command Center, Missile Turret | |
188 | 27:32 | Command Center x2 | |
188 | 27:33 | Command Center | |
188 | 27:34 | Missile Turret x2 | |
188 | 27:36 | Command Center, Missile Turret | |
184 | 27:44 | Refinery | |
184 | 27:45 | Widow Mine x8 | |
200 | 27:53 | Widow Mine | |